| TOP OF THE 1ST |
|
Cleveland Spiders batting - Pitching for Florida Marlins : LHP Butch Henry
|
|
Pitching: LHP Butch Henry
|
|
|
Batting: RHB Marquis Grissom
|
0-0: Hit by Pitch
|
|
Batting: SHB Tomas Perez
|
0-0: Swinging Strike 0-1: Called Strike 0-2: Fly out, F7 (Line Drive, 7, EV 90.6 MPH)
|
|
Batting: RHB Bernard Gilkey
|
0-0: Swinging Strike 0-1: Ball 1-1: SINGLE (Flyball, 78S, EV 97.5 MPH) Marquis Grissom to second
|
|
Batting: RHB Kevin Mitchell
|
0-0: Ball Marquis Grissom steals 3rd base Bernard Gilkey to second 1-0: Foul Ball, location: 2F 1-1: Ground out 1-3 (Groundball, 34S, EV 91.3 MPH)
|
|
Batting: LHB Garret Anderson
|
0-0: Ground out U3 (Groundball, 3, EV 88.8 MPH)
|
| Top of the 1st over - 0 runs, 1 hit, 0 errors, 2 left on base; Cleveland 0 - Florida 0 |
| BOTTOM OF THE 1ST |
|
Florida Marlins batting - Pitching for Cleveland Spiders : RHP Bob Sebra
|
|
Pitching: RHP Bob Sebra
|
|
|
Batting: LHB Craig Counsell
|
0-0: Ball 1-0: Ball 2-0: Foul Ball, location: 2F 2-1: Foul Ball, location: 2F 2-2: Foul Ball, location: 2F 2-2: Foul Ball, location: 2F 2-2: Foul Ball, location: 2F 2-2: Foul Ball, location: 2F 2-2: Foul Ball, location: 2F 2-2: SINGLE (Groundball, 6MD, EV 108.8 MPH)
|
|
Batting: RHB Charles Johnson
|
0-0: Fly out, F7 (Flyball, 7LS, EV 77.5 MPH)
|
|
Batting: RHB Richie Sexson
|
0-0: Ball 1-0: Ball 2-0: Ball 3-0: Base on Balls Craig Counsell to second
|
|
Batting: RHB Juan Encarnacion
|
0-0: Called Strike 0-1: Called Strike 0-2: Strikes out swinging
|
|
Batting: RHB Rondell White
|
0-0: TRIPLE (Line Drive, 89XD, EV 99.4 MPH) Craig Counsell scores Richie Sexson scores
|
|
Batting: SHB Bobby Bonilla
|
0-0: Foul Ball, location: 2F 0-1: Swinging Strike 0-2: Ball 1-2: Fly out, F7 (Flyball, 78S, EV 78.1 MPH)
|
| Bottom of the 1st over - 2 runs, 2 hits, 0 errors, 1 left on base; Cleveland 0 - Florida 2 |
| TOP OF THE 2ND |
|
Cleveland Spiders batting - Pitching for Florida Marlins : LHP Butch Henry
|
|
Batting: LHB Raul Ibanez
|
0-0: Ground out U3 (Groundball, 3, EV 105.0 MPH)
|
|
Batting: RHB Rudy Pemberton
|
0-0: Foul Ball, location: 2F 0-1: Swinging Strike 0-2: Ball 1-2: Ball 2-2: Strikes out swinging
|
|
Batting: RHB Billy Ripken
|
0-0: Called Strike 0-1: Swinging Strike 0-2: Foul Ball, location: 2F 0-2: SINGLE (Groundball, 56D, EV 104.4 MPH)
|
|
Batting: SHB George E Williams
|
0-0: Called Strike 0-1: Ball 1-1: Foul Ball, location: 2F 1-2: Strikes out swinging, 2-3 out at first.
|
| Top of the 2nd over - 0 runs, 1 hit, 0 errors, 1 left on base; Cleveland 0 - Florida 2 |
| BOTTOM OF THE 2ND |
|
Florida Marlins batting - Pitching for Cleveland Spiders : RHP Bob Sebra
|
|
Batting: RHB Edgardo Alfonzo
|
0-0: Ball 1-0: Swinging Strike 1-1: Foul Ball, location: 2F 1-2: Ball 2-2: Ball 3-2: Strikes out looking
|
|
Batting: RHB Tony Barron
|
0-0: Ball 1-0: Foul Ball, location: 2F 1-1: Ball 2-1: Foul Ball, location: 2F 2-2: Ground out 4-3 (Groundball, 4S, EV 72.5 MPH)
|
|
Batting: SHB Luis Castillo
|
0-0: Ball 1-0: Ball 2-0: Foul Ball, location: 2F 2-1: Ball 3-1: Ground out 5-3 (Groundball, 5, EV 85.0 MPH)
|
| Bottom of the 2nd over - 0 runs, 0 hits, 0 errors, 0 left on base; Cleveland 0 - Florida 2 |
| TOP OF THE 3RD |
|
Cleveland Spiders batting - Pitching for Florida Marlins : LHP Butch Henry
|
|
Batting: RHB Marquis Grissom
|
0-0: Foul Ball, location: 2F 0-1: Ball 1-1: Ball 2-1: Ground out 4-3 (Groundball, 4, EV 98.1 MPH)
|
|
Batting: SHB Tomas Perez
|
0-0: Foul Ball, location: 2F 0-1: SINGLE (Line Drive, 34, EV 102.5 MPH)
|
|
Batting: RHB Bernard Gilkey
|
0-0: Called Strike 0-1: Grounds into double play, 6-4-3 (Groundball, 6D, EV 99.4 MPH)
|
| Top of the 3rd over - 0 runs, 1 hit, 0 errors, 0 left on base; Cleveland 0 - Florida 2 |
| BOTTOM OF THE 3RD |
|
Florida Marlins batting - Pitching for Cleveland Spiders : RHP Bob Sebra
|
|
Batting: LHB Craig Counsell
|
0-0: Foul Ball, location: 2F 0-1: Fly out, F3 (Line Drive, 3, EV 77.5 MPH)
|
|
Batting: RHB Charles Johnson
|
0-0: Ball 1-0: Foul Ball, location: 2F 1-1: Fly out, F8 (Line Drive, 8RD, EV 94.4 MPH)
|
|
Batting: RHB Richie Sexson
|
0-0: Swinging Strike 0-1: Ball 1-1: Foul Ball, location: 2F 1-2: Strikes out swinging
|
| Bottom of the 3rd over - 0 runs, 0 hits, 0 errors, 0 left on base; Cleveland 0 - Florida 2 |
| TOP OF THE 4TH |
|
Cleveland Spiders batting - Pitching for Florida Marlins : LHP Butch Henry
|
|
Batting: RHB Kevin Mitchell
|
0-0: Ball 1-0: Foul Ball, location: 2F 1-1: Swinging Strike 1-2: Ball 2-2: Strikes out looking
|
|
Batting: LHB Garret Anderson
|
0-0: Swinging Strike 0-1: Swinging Strike 0-2: Strikes out swinging
|
|
Batting: LHB Raul Ibanez
|
0-0: Foul Ball, location: 2F 0-1: Ball 1-1: Swinging Strike 1-2: Strikes out looking
|
| Top of the 4th over - 0 runs, 0 hits, 0 errors, 0 left on base; Cleveland 0 - Florida 2 |
| BOTTOM OF THE 4TH |
|
Florida Marlins batting - Pitching for Cleveland Spiders : RHP Bob Sebra
|
|
Batting: RHB Juan Encarnacion
|
0-0: Ball 1-0: Swinging Strike 1-1: Swinging Strike 1-2: Foul Ball, location: 2F 1-2: Strikes out swinging
|
|
Batting: RHB Rondell White
|
0-0: Ball 1-0: Foul Ball, location: 2F 1-1: Foul Ball, location: 2F 1-2: Ball 2-2: Ball 3-2: DOUBLE (Groundball, 5L, EV 105.6 MPH)
|
|
Batting: SHB Bobby Bonilla
|
0-0: Ball 1-0: Swinging Strike 1-1: Ball 2-1: Swinging Strike 2-2: Foul Ball, location: 2F 2-2: Strikes out looking
|
|
Batting: RHB Edgardo Alfonzo
|
0-0: Ball 1-0: SINGLE (Groundball, 6, EV 86.3 MPH) (infield hit) Rondell White to third
|
|
Batting: RHB Tony Barron
|
0-0: Ball 1-0: SINGLE (Line Drive, 8RS, EV 105.0 MPH) Rondell White scores Edgardo Alfonzo to second Runner from 2nd tries for 3rd, SAFE, throw by CF made to third
|
|
Batting: SHB Luis Castillo
|
0-0: SINGLE (Groundball, 34D, EV 98.8 MPH) Edgardo Alfonzo scores Tony Barron to second Runner from 2nd tries for 3rd, SAFE, no throw by RF
|
|
Batting: LHB Craig Counsell
|
0-0: Called Strike 0-1: Swinging Strike 0-2: Ball 1-2: Ball 2-2: Ball 3-2: TRIPLE (Flyball, 89XD, EV 94.4 MPH) Tony Barron scores Luis Castillo scores
|
|
Batting: RHB Charles Johnson
|
0-0: Foul Ball, location: 2F 0-1: Ball 1-1: Fly out, F6 (Line Drive, 6, EV 76.3 MPH)
|
| Bottom of the 4th over - 4 runs, 5 hits, 0 errors, 1 left on base; Cleveland 0 - Florida 6 |
| TOP OF THE 5TH |
|
Cleveland Spiders batting - Pitching for Florida Marlins : LHP Butch Henry
|
|
Batting: RHB Rudy Pemberton
|
0-0: DOUBLE (Line Drive, 7LS, EV 93.8 MPH)
|
|
Batting: RHB Billy Ripken
|
0-0: Ball 1-0: Foul Ball, location: 2F 1-1: Fly out, F7 (Flyball, 7, EV 81.3 MPH)
|
|
Batting: SHB George E Williams
|
0-0: Called Strike 0-1: Ground out 6-3 (Groundball, 6, EV 86.9 MPH) Rudy Pemberton to third
|
|
Batting: RHB Marquis Grissom
|
0-0: Ball 1-0: Ball 2-0: Fly out, F8 (Flyball, 89D, EV 95.0 MPH)
|
| Top of the 5th over - 0 runs, 1 hit, 0 errors, 1 left on base; Cleveland 0 - Florida 6 |
| BOTTOM OF THE 5TH |
|
Florida Marlins batting - Pitching for Cleveland Spiders : RHP Bob Sebra
|
|
Batting: RHB Richie Sexson
|
0-0: SINGLE (Line Drive, 8RS, EV 93.1 MPH)
|
|
Batting: RHB Juan Encarnacion
|
0-0: Fielders Choice at 2nd, 4-6 (Groundball, 4, EV 93.1 MPH)
|
|
Batting: RHB Rondell White
|
0-0: Fly out, F8 (Flyball, 8RS, EV 84.4 MPH)
|
|
Batting: SHB Bobby Bonilla
|
0-0: Ball 1-0: Ball 2-0: Foul Ball, location: 2F 2-1: SINGLE (Groundball, 3, EV 87.5 MPH) (infield hit) Juan Encarnacion to second
|
|
Batting: RHB Edgardo Alfonzo
|
0-0: Foul Ball, location: 2F 0-1: Swinging Strike 0-2: SINGLE (Line Drive, 3D, EV 96.3 MPH) Juan Encarnacion to third Bobby Bonilla to second Runner from 3rd tries for Home, SAFE, throw by RF to home
|
|
Pitching: LHP Steve Cooke
|
|
|
Batting: RHB Tony Barron
|
0-0: Ball 1-0: Fly out, F8 (Line Drive, 8LD, EV 105.6 MPH)
|
| Bottom of the 5th over - 1 run, 3 hits, 0 errors, 2 left on base; Cleveland 0 - Florida 7 |
| TOP OF THE 6TH |
|
Cleveland Spiders batting - Pitching for Florida Marlins : LHP Butch Henry
|
|
Batting: SHB Tomas Perez
|
0-0: Called Strike 0-1: Fly out, F7 (Flyball, 7, EV 90.0 MPH)
|
|
Batting: RHB Bernard Gilkey
|
0-0: Swinging Strike 0-1: Ball 1-1: Called Strike 1-2: Foul Ball, location: 2F 1-2: Foul Ball, location: 2F 1-2: Strikes out looking
|
|
Batting: RHB Kevin Mitchell
|
0-0: Foul Ball, location: 2F 0-1: Ball 1-1: Fly out, F7 (Flyball, 7, EV 88.8 MPH)
|
| Top of the 6th over - 0 runs, 0 hits, 0 errors, 0 left on base; Cleveland 0 - Florida 7 |
| BOTTOM OF THE 6TH |
|
Florida Marlins batting - Pitching for Cleveland Spiders : LHP Steve Cooke
|
|
Batting: SHB Luis Castillo
|
0-0: Ball 1-0: Ball 2-0: Called Strike 2-1: Swinging Strike 2-2: Ground out 5-3 (Groundball, 5, EV 81.9 MPH)
|
|
Batting: LHB Craig Counsell
|
0-0: Called Strike 0-1: Foul Ball, location: 2F 0-2: SINGLE (Groundball, 2R, EV 73.8 MPH) (infield hit)
|
|
Batting: RHB Charles Johnson
|
0-0: Ball 1-0: Ball 2-0: Called Strike 2-1: Foul Ball, location: 2F 2-2: Ball 3-2: Foul Ball, location: 2F 3-2: Foul Ball, location: 2F 3-2: Strikes out swinging
|
|
Batting: RHB Richie Sexson
|
0-0: Foul Ball, location: 2F 0-1: Swinging Strike 0-2: Ball 1-2: Ball 2-2: Strikes out swinging
|
| Bottom of the 6th over - 0 runs, 1 hit, 0 errors, 1 left on base; Cleveland 0 - Florida 7 |
| TOP OF THE 7TH |
|
Cleveland Spiders batting - Pitching for Florida Marlins : LHP Butch Henry
|
|
Batting: LHB Garret Anderson
|
0-0: Ball 1-0: Ball 2-0: Called Strike 2-1: Called Strike 2-2: Ground out 4-3 (Groundball, 4S, EV 73.1 MPH)
|
|
Batting: LHB Raul Ibanez
|
0-0: Called Strike 0-1: Called Strike 0-2: Strikes out looking
|
|
Batting: RHB Rudy Pemberton
|
0-0: SINGLE (Line Drive, 6M, EV 103.1 MPH)
|
|
Batting: RHB Billy Ripken
|
0-0: Called Strike 0-1: Ball 1-1: Called Strike 1-2: Strikes out swinging
|
| Top of the 7th over - 0 runs, 1 hit, 0 errors, 1 left on base; Cleveland 0 - Florida 7 |
| BOTTOM OF THE 7TH |
|
Florida Marlins batting - Pitching for Cleveland Spiders : LHP Steve Cooke
|
|
Pinch Hitting: LHB Alex Cole
|
0-0: SINGLE (Groundball, 4MD, EV 103.8 MPH)
|
|
Batting: RHB Rondell White
|
0-0: Ball 1-0: Foul Ball, location: 2F 1-1: Called Strike 1-2: Grounds into double play, 5-4-3 (Groundball, 5, EV 100.0 MPH)
|
|
Batting: SHB Bobby Bonilla
|
0-0: Foul Ball, location: 2F 0-1: Fly out, F8 (Flyball, 89M, EV 76.3 MPH)
|
| Bottom of the 7th over - 0 runs, 1 hit, 0 errors, 0 left on base; Cleveland 0 - Florida 7 |
| TOP OF THE 8TH |
|
Cleveland Spiders batting - Pitching for Florida Marlins : LHP Butch Henry
|
|
Now in LF: Alex Cole
|
|
|
Batting: SHB George E Williams
|
0-0: Ball 1-0: Foul Ball, location: 2F 1-1: Ball 2-1: SINGLE (Groundball, 56D, EV 102.5 MPH)
|
|
Batting: RHB Marquis Grissom
|
0-0: Fly out, F9 (Flyball, 9LMF, EV 100.6 MPH)
|
|
Batting: SHB Tomas Perez
|
0-0: Foul Ball, location: 2F 0-1: SINGLE (Groundball, 56D, EV 95.0 MPH) George E Williams to second
|
|
Batting: RHB Bernard Gilkey
|
0-0: Ball 1-0: Ball 2-0: Ball 3-0: Foul Ball, location: 2F 3-1: Base on Balls George E Williams to third Tomas Perez to second
|
|
Batting: RHB Kevin Mitchell
|
0-0: Called Strike 0-1: Called Strike 0-2: Foul Ball, location: 2F 0-2: Strikes out swinging
|
|
Batting: LHB Garret Anderson
|
0-0: Fielders Choice at 2nd, 6-4 (Groundball, 6, EV 85.0 MPH)
|
| Top of the 8th over - 0 runs, 2 hits, 0 errors, 3 left on base; Cleveland 0 - Florida 7 |
| BOTTOM OF THE 8TH |
|
Florida Marlins batting - Pitching for Cleveland Spiders : LHP Steve Cooke
|
|
Batting: RHB Edgardo Alfonzo
|
0-0: Ball 1-0: Ball 2-0: Ball 3-0: Base on Balls
|
|
Batting: RHB Tony Barron
|
0-0: Fly out, F9 (Line Drive, 9, EV 96.3 MPH)
|
|
Batting: SHB Luis Castillo
|
0-0: Foul Ball, location: 2F 0-1: Swinging Strike 0-2: Foul Ball, location: 2F 0-2: Fielders Choice at 2nd, 5-4 (Groundball, 5, EV 81.3 MPH)
|
|
Batting: LHB Craig Counsell
|
0-0: Ball Luis Castillo is caught stealing 2nd base 2-6
|
| Bottom of the 8th over - 0 runs, 0 hits, 0 errors, 0 left on base; Cleveland 0 - Florida 7 |
| TOP OF THE 9TH |
|
Cleveland Spiders batting - Pitching for Florida Marlins : LHP Butch Henry
|
|
Batting: LHB Raul Ibanez
|
0-0: Called Strike 0-1: Ball 1-1: Called Strike 1-2: Ball 2-2: SINGLE (Line Drive, 9S, EV 100.0 MPH)
|
|
Batting: RHB Rudy Pemberton
|
0-0: Foul Ball, location: 2F 0-1: Fly out, F5 (Popup, 5SF, EV 66.9 MPH)
|
|
Batting: RHB Billy Ripken
|
0-0: Grounds into double play, 1-4-3 (Groundball, 15S, EV 62.5 MPH)
|
| Top of the 9th over - 0 runs, 1 hit, 0 errors, 0 left on base; Cleveland 0 - Florida 7 |
|